 Dungeon Crawl Stone Soup version 0.17-a0-377-gdd46233 (webtiles) character file.

2 RobertPalmer the Caller (level 1, 0/15 HPs)
             Began as a Naga Summoner on Apr 1, 2015.
             Slain by a hobgoblin (2 damage)
             ... on level 1 of the Dungeon.
             The game lasted 00:00:51 (78 turns).

RobertPalmer the Caller (Naga Summoner)               Turns: 78, Time: 00:00:51

Health: 0/15       AC:  1    Str: 10    XL:     1   Next: 30%
Magic:  2/3        EV: 10    Int: 15    God:
Gold:   0          SH:  0    Dex: 11    Spells: 1 memorised, 3 levels left

rFire  . . .     SeeInvis +     d - +0 dagger
rCold  . . .     Clarity  .     a - +0 robe
rNeg   . . .     SustAb   .     (no shield)
rPois  +         Gourm    .     (no helmet)
rElec  .         Spirit   .     (no cloak)
rCorr  .         Warding  .     (no gloves)
rMut   .         Stasis   .     (no barding)
MR     .....                    (no amulet)
Stlth  ++........               (no ring)
                                (no ring)

@: very slow, not resistant to hostile enchantments, unstealthy
A: see invisible, deformed body, poison resistance, slowness 2, spit poison 2,
AC +0
a: Spit Poison


You were on level 1 of the Dungeon.
You were not hungry.

You visited 1 branch of the dungeon, and saw 1 of its levels.

Inventory:

Hand weapons
 d - a +0 dagger (weapon)
   (You found it on level 1 of the Dungeon)
Armour
 a - a +0 robe (worn)
Books
 b - a book of Callings
Comestibles
 c - a bread ration {@e1}


   Skills:
 - Level 1.5 Dodging
 + Level 3.3 Stealth
 - Level 2.0 Spellcasting
 - Level 4.0 Summonings


You had 3 spell levels left.
You knew the following spells:

 Your Spells              Type           Power        Failure   Level  Hunger
a - Summon Small Mammal   Summ           ##..         4%          1    #......


Dungeon Overview and Level Annotations

Branches:
Dungeon (1/15)

Altars:


Innate Abilities, Weirdness & Mutations

You cannot wear boots.
Your serpentine skin is tough (AC +0).
You have supernaturally acute eyesight.
Armour fits poorly on your strangely shaped body.
Your system is resistant to poisons.
You cover ground very slowly.
You can spit poison.


Message History

Welcome, RobertPalmer the Naga Summoner.
It is said that the Orb of Zot exists deep within this dungeon, but nobody has ever found it.
Found a staircase leading out of the dungeon.
As you open the door, it creaks loudly!
There is an open door here.
d - a dagger Wield which item (- for none, * to show all)? (? for menu, Esc to quit)
d - a +0 dagger (weapon)
A goblin and a kobold come into view.
There are monsters nearby!
There are monsters nearby!
There are monsters nearby!
You now have 2/3 mp.
The goblin shouts!
The kobold shouts!
Your bat closely misses the kobold.
You hear a shout!
Your bat hits the kobold but does no damage.
The kobold hits you but does no damage.
You now have 1/3 mp.
You hit the kobold.
Your bat hits the kobold but does no damage.
The kobold barely misses you.
You closely miss the kobold.
Your bat hits the kobold but does no damage.
The kobold hits you.
Your bat barely misses the goblin.
The goblin completely misses your bat.
You take 4 damage, and have 11/15 hp.
MASSIVE DAMAGE!!
You hit the kobold but do no damage.
Your bat hits the kobold but does no damage.
The kobold misses your bat.
You closely miss the kobold.
Your bat closely misses the kobold.
The kobold closely misses you.
You closely miss the kobold. Your bat misses the kobold.
The kobold hits you but does no damage. The goblin hits you with a club.
You take 1 damage, and have 10/15 hp.
You hit the kobold but do no damage. Your bat misses the kobold.
The kobold hits you.
You take 3 damage, and have 7/15 hp.
You barely miss the kobold.
Your bat closely misses the kobold.
The goblin hits you but does no damage. The kobold barely misses you.
Your bat hits the kobold.
The kobold dies!
You closely miss the goblin.
Your bat barely misses the goblin.
The goblin misses you.
You hit the goblin.
Your bat closely misses the goblin.
The goblin barely misses you.
You hit the goblin.
You kill the goblin!
You swap places.
You start resting.
Your bat disappears in a puff of smoke!
Your quokka disappears in a puff of smoke!
A hobgoblin comes into view.
MP restored: 3 A hobgoblin is nearby!
The hobgoblin shouts!
You now have 2/3 mp.
Your rat misses the hobgoblin. You hit the hobgoblin but do no damage.
The hobgoblin barely misses you.
Your rat barely misses the hobgoblin.
You hit the hobgoblin. The hobgoblin closely misses you.
Your rat barely misses the hobgoblin.
You hit the hobgoblin but do no damage. The hobgoblin barely misses you.
Your rat barely misses the hobgoblin.
You hit the hobgoblin but do no damage. The hobgoblin hits you.
Your rat barely misses the hobgoblin.
You hit the hobgoblin but do no damage. The hobgoblin barely misses you.
Your rat bites the hobgoblin.
You hit the hobgoblin but do no damage. The hobgoblin hits you.
* * * LOW HITPOINT WARNING * * *
Your rat bites the hobgoblin but does no damage.
You take 4 damage, and have 4/15 hp.
MASSIVE DAMAGE!!
You hit the hobgoblin but do no damage. The hobgoblin hits you.
* * * LOW HITPOINT WARNING * * *
Your rat barely misses the hobgoblin.
You take 2 damage, and have 2/15 hp.
You barely miss the hobgoblin. The hobgoblin hits you.
You die...

. ...####
.......
.......
#....$r)####
.......g@..#
......####.#
##. #.##
#..# ##.##
#..# ##.#
#.## #..#


You could see a hobgoblin and a friendly rat.

Vanquished Creatures
  A goblin (D:1)
1 creature vanquished.

Vanquished Creatures (collateral kills)
  A kobold (D:1)
1 creature vanquished.

Grand Total: 2 creatures vanquished

Notes
Turn   | Place    | Note
--------------------------------------------------------------
     0 | D:1      | RobertPalmer, the Naga Summoner, began the quest for the Orb.
     0 | D:1      | Reached XP level 1. HP: 15/15 MP: 3/3
    77 | D:1      | HP: 2/15 [hobgoblin (2)]
    78 | D:1      | Slain by a hobgoblin

Action                   || total
-------------------------++-------
Melee: Dagger            ||    18
 Cast: Summon Small Mamm ||     3

Vault maps used:
D:1:      saegor_arrival_simple_b

Table legend:
 A = Turns spent in this place as a percentage of turns spent in the entire game.
 B = Non-inter-level travel turns spent in this place as a percentage of non-inter-level travel turns spent in the entire game.
 C = Inter-level travel turns spent in this place as a percentage of turns spent in this place.
 D = Turns resting spent in this place as a percentage of non-inter-level travel turns spent in this place.
 E = Turns spent auto-exploring this place as a percentage of non-inter-level travel turns spent in this place.
 F = Non-inter-level travel turns spent in this place divided by the number of levels of this place that you've seen.
                   A       B       C       D       E      F
               +-------+-------+-------+-------+-------+----------------------
         Total | 100.0 | 100.0 |   0.0 |   3.8 |   1.9 |  52.0
       Dungeon | 100.0 | 100.0 |   0.0 |   3.8 |   1.9 |  52.0
               +-------+-------+-------+-------+-------+----------------------

Table legend:
 A = Kills in this place as a percentage of kills in entire the game.
 B = Kills by you in this place as a percentage of kills by you in the entire game.
 C = Kills by friends in this place as a percentage of kills by friends in the entire game.
 D = Other kills in this place as a percentage of other kills in the entire game.
 E = Experience gained in this place as a percentage of experience gained in the entire game.
 F = Experience gained in this place divided by the number of levels of this place that you have seen.
                   A       B       C       D       E      F
               +-------+-------+-------+-------+-------+----------------------
         Total | 100.0 | 100.0 | 100.0 |  -nan | 100.0 |   3.0
       Dungeon | 100.0 | 100.0 | 100.0 |  -nan | 100.0 |   3.0
               +-------+-------+-------+-------+-------+----------------------
